 Dungeon Crawl Stone Soup version 0.30-a0-475-g03497ec522 (webtiles) character file.

Game seed: 3383543898927728700

237 PyroL the Magician (level 6, -5/47 HPs)
             Began as a Djinni Conjurer on Dec 21, 2022.
             Slain by an ogre
             ... wielding a +0 giant club
              (16 damage)
             ... on level 4 of the Dungeon.
             The game lasted 00:06:20 (3339 turns).

PyroL the Magician (Djinni Conjurer)                Turns: 3339, Time: 00:06:21

Health: -5/47      AC:  3    Str:  6    XL:     6   Next: 28%
Gold:   196        EV: 12    Int: 21    God:
                   SH:  0    Dex: 12

rFire   + + .      SeeInvis .    b - +0 spear
rCold   x . .      Faith    .    (no shield)
rNeg    . . .      Spirit   .    a - +0 robe
rPois   ∞          Reflect  .    (no helmet)
rElec   .          Harm     .    l - +0 cloak
rCorr   .          Rampage  .    (no gloves)
Will    .....                    (boots unavailable)
Stlth   ++........               (no amulet)
HPRegen 0.27/turn                (no ring)
MPRegen 0.00/turn                (no ring)

@: on blink cooldown, flying
A: sickness immunity, fire resistance 2, cold vulnerability 1, float, innate
caster, HP casting, extra vitality 1
a: no special abilities


You were on level 4 of the Dungeon.
You visited 1 branch of the dungeon, and saw 4 of its levels.

You collected 196 gold pieces.

Inventory:

Hand Weapons
 b - a +0 spear (weapon)
Missiles
 o - 6 atropa-tipped darts
Armour
 a - a +0 robe (worn)
 l - a +0 cloak (worn)
Wands
 i - a wand of paralysis (2)
Scrolls
 c - 2 scrolls of torment {unknown}
 d - a scroll of identify {unknown}
 e - 3 scrolls of fog {unknown}
 f - 3 scrolls of enchant armour {unknown}
 h - a scroll of teleportation {unknown}
 m - a scroll of poison {unknown}
Potions
 g - a potion of curing {unknown}
 j - 2 potions of attraction {unknown}
 k - 2 potions of mutation {unknown}
 n - a potion of cancellation {unknown}


   Skills:
 + Level 4.1 Fighting
 - Level 2.1 Dodging
 - Level 1.5 Stealth
 + Level 4.4 Spellcasting


You couldn't memorise any spells.
You knew the following spells:

 Your Spells              Type           Power      Damage    Failure   Level
a - Magic Dart            Conj           92%        1d7       1%          1
b - Searing Ray           Conj           46%        2d6       2%          2
c - Dazzling Flash        Conj/Hex       46%        N/A       5%          3
d - Fulminant Prism       Conj/Hex       11%        3d8       19%         4
e - Iskenderun's Mystic   Conj/Tloc      23%        2d6       19%         4
f - Kiss of Death         Conj/Necr      92%        2d12      1%          1
g - Blink                 Tloc           46%        N/A       2%          2
Your spell library was empty.

Dungeon Overview and Level Annotations

Branches:
Dungeon (4/15)
 Temple: D:4-7

Altars:
Nemelex Xobeh

Shops:
D:1 :   D:3 (

Annotations:
D:4 1 runed translucent door, bande's ghost, novice GrFi


Innate Abilities, Weirdness & Mutations

You are immune to sickness and miasma.
You are immune to poison.
Your flesh is very heat resistant. (rF++)
You are vulnerable to cold. (rC-)
You float through the air rather than walking.
You learn spells naturally, not from books.
Your magical power is your life essence.
You have superior vitality. (+4 MHP)


Message History

A fulminant prism comes into view.
Your fulminant prism crackles loudly.
You feel stable enough to blink again.
Your fulminant prism explodes!
You hear an angry hiss.
You hear a shout!
Casting: Fulminant Prism (quite dangerous; 19% risk of failure)
Confirm with . or Enter, or press ? or * to list all spells.
The spell is quite dangerous to miscast (19% risk of failure)!
Continue anyway?
Aiming: Fulminant Prism (quite dangerous; 19% risk of failure)
Press: ? - help, Dir - move target
Okay, then.
Casting: Fulminant Prism (quite dangerous; 19% risk of failure)
Confirm with . or Enter, or press ? or * to list all spells.
The spell is quite dangerous to miscast (19% risk of failure)!
Continue anyway?
Aiming: Fulminant Prism (quite dangerous; 19% risk of failure)
Press: ? - help, Dir - move target You conjure a prism of explosive energy!
A fulminant prism comes into view.
An ogre comes into view. It is wielding a +0 giant club.
Casting: Fulminant Prism (quite dangerous; 19% risk of failure)
Confirm with . or Enter, or press ? or * to list all spells.
Aiming: Magic Dart (safe; 1% risk of failure)
Press: ? - help, Shift-Dir - straight line, f - black bear
Aim: a black bear (heavily wounded, ally target, 100% to hit)
Okay, then.
Casting: Magic Dart (safe; 1% risk of failure)
Confirm with . or Enter, or press ? or * to list all spells.
You blink.
An adder comes into view.
The adder hisses angrily.
Your fulminant prism crackles loudly.
Your fulminant prism explodes!
The blast of energy engulfs the black bear!
The black bear is almost dead.
The blast of energy engulfs you!!
* * * LOW HITPOINT WARNING * * *
The black bear goes berserk!
Unknown command.
The ogre attacks as you move away! The ogre hits you with a +0 giant club!
You die...

.. ... #.# #..
#..##..###### ### .......
..#########.##
.S..).........<......
#####...#...#########..#
......O..# ##.# #?.@.#
#.# ##.#.# #.# #.#.#
###<# #h#.# ##....
####.#.##########.....
......................###
.####.###.########...##⌠#
#.. #..# #.....##... #..
#..h# #....##W.?.


You could see a black bear (berserk), an ogre and an adder.

Vanquished Creatures
  Jessica (D:2)
  7 gnolls
  8 adders
  2 worms
  2 orcs (D:3)
  3 bats
  6 endoplasms
  3 giant cockroaches
  2 hobgoblins (D:2)
  6 jackals
  4 kobolds
  3 quokkas
  7 ball pythons
  2 frilled lizards
  5 goblins
  7 rats
68 creatures vanquished.

Vanquished Creatures (others)
  2 fulminant prisms (D:4)
2 creatures vanquished.

Grand Total: 70 creatures vanquished

Notes
Turn   | Place    | Note
-------+----------+-------------------------------------------
     0 | D:1      | PyroL the Djinni Conjurer began the quest for the Orb.
     0 | D:1      | PyroL set off with the following spells memorised: Magic
                  | Dart, Searing Ray, Dazzling Flash, Fulminant Prism,
                  | Iskenderun's Mystic Blast.
     0 | D:1      | Reached XP level 1. HP: 15/15 MP: 0/0
   178 | D:1      | Found Ommaufeq's Book Boutique.
   347 | D:1      | Reached skill level 1 in Fighting
   355 | D:1      | Reached XP level 2. HP: 19/22 MP: 0/0
   400 | D:1      | You are sucked into a shaft and drop 1 floor!
   447 | D:2      | Reached XP level 3. HP: 22/28 MP: 0/0
   447 | D:2      | Learned a level 1 spell: Kiss of Death
   806 | D:2      | Reached XP level 4. HP: 30/34 MP: 0/0
  1021 | D:2      | Noticed Jessica
  1027 | D:2      | Killed Jessica
  1598 | D:2      | Reached XP level 5. HP: 37/40 MP: 0/0
  1598 | D:2      | Learned a level 2 spell: Blink
  2074 | D:3      | Found a large runed translucent door.
  2075 | D:3      | Found a large runed translucent door.
  2294 | D:3      | Reached XP level 6. HP: 43/47 MP: 0/0
  2554 | D:3      | Found Kosur's Weapon Shop.
  3175 | D:3      | Found a sparkling altar of Nemelex Xobeh.
  3219 | D:4      | Found a runed translucent door.
  3220 | D:4      | Noticed bande's ghost (novice GrFi)
  3325 | D:4      | Noticed a black bear
  3336 | D:4      | Noticed an ogre
  3339 | D:4      | Slain by an ogre

Illustrated notes

Levels and vault maps discovered:
D:1:      dpeg_arrival_chambers_temple_mockup, layout_loops_ring, serial_shops,
          nicolae_shop_advertising_works [nicolae_subvault_shop_adworks]
D:2:      minmay_alternating_diamond, layout_basic, uniq_jessica
D:3:      layout_basic, jmf_multi_god_temple2, serial_shops,
          nicolae_shop_bloodbath_and_beyond, minmay_misc_feat_room,
          chequers_jeans
D:4:      layout_loops_ring, okawaru_gym_becter, hellmonk_ghost_happy_afterlife,
          serial_shops, kennysheep_mini, minmay_door_square

Skill      XL: |  1  2  3  4  5  6 |
---------------+-------------------+-----
Fighting       | 1 2 3 4 |  4.1
Spellcasting   | 4 |  4.4
Dodging        | |  2.1
Stealth        | |  1.5

Action                   |  1- 3 |  4- 6 || total
-------------------------+-------+-------++-------
Melee: Spear             |     4 |     5 ||     9
 Cast: Magic Dart        |    53 |    98 ||   151
       Searing Ray       |       |     4 ||     4
       Dazzling Flash    |       |     1 ||     1
       Blink             |       |     2 ||     2
       Fulminant Prism   |       |     2 ||     2
Armor: Robe              |       |     1 ||     1
Dodge: Dodged            |     9 |     9 ||    18

Table legend: (Time is in decaauts)
 A = Elapsed time spent in this place.
 B = Non-inter-level travel time spent in this place.
 C = Inter-level travel time spent in this place.
 D = Time resting spent in this place.
 E = Time spent auto-exploring this place.
 F = Levels seen in this place.
 G = Mean time per level.
                   A        B        C        D        E       F      G
               +--------+--------+--------+--------+--------+-----+--------+
         Total |   3339 |   3230 |    109 |    407 |   2429 |   4 |  834.8 |
       Dungeon |   3339 |   3230 |    109 |    407 |   2429 |   4 |  834.8 |
               +--------+--------+--------+--------+--------+-----+--------+

Top non-repeatable levels by time:
     D:3: 1231 daAuts
     D:2: 1183 daAuts
     D:1: 786 daAuts
     D:4: 138 daAuts
